 Dungeon Crawl Stone Soup version 0.23.2-33-g5129a83184 (webtiles) character file.

Game seed: 1891815555168536124

247 Felnil the Skirmisher (level 5, -11/42 HPs)
             Began as a Mummy Fighter on Aug 6, 2019.
             Mangled by an iguana (14 damage)
             ... on level 4 of the Dungeon.
             The game lasted 00:08:49 (2850 turns).

Felnil the Skirmisher (Mummy Fighter)               Turns: 2850, Time: 00:08:49

Health: -11/42     AC:  6    Str: 19    XL:     5   Next: 85%
Magic:  5/5        EV:  7    Int:  8    God:
Gold:   108        SH:  9    Dex: 12    Spells: 4/4 levels left

rFire    x . .     SeeInvis .   a - +0 long sword
rCold    + . .     Gourm    .   c - +0 shield
rNeg     + + +     Faith    .   b - +0 scale mail
rPois    ∞         Spirit   .   (no helmet)
rElec    .         Reflect  .   (no cloak)
rCorr    .         Harm     +   (no gloves)
MR       .....     Rnd*Tele +   (no boots)
Stlth    ..........             e - amulet of harm
HPRegen  0.14/turn              j - ring of teleportation
MPRegen  0.09/turn              (no ring)

@: no status effects
A: no food or potions, fire vulnerability, cold resistance 1, negative energy
resistance 3, torment resistance, unbreathing
a: no special abilities


You were on level 4 of the Dungeon.
You were not hungry.

You visited 1 branch of the dungeon, and saw 4 of its levels.

You collected 108 gold pieces.

Inventory:

Hand Weapons
 a - a +0 long sword (weapon)
Missiles
 m - 8 poisoned javelins (quivered)
Armour
 b - a +0 scale mail (worn)
 c - a +0 shield (worn)
Jewellery
 e - an amulet of harm (around neck)
 j - a ring of teleportation (left hand)
Scrolls
 d - a scroll of identify
 g - a scroll of enchant weapon
 h - 3 scrolls of remove curse
 l - a scroll of magic mapping


   Skills:
 + Level 4.1 Fighting
 + Level 2.9 Long Blades
 + Level 3.4 Armour
 + Level 3.4 Shields


You had 4 spell levels left.
You didn't know any spells.
Your spell library was empty.

Dungeon Overview and Level Annotations

Branches:
Dungeon (4/15)
 Temple: D:4-7

Altars:
Kikubaaqudgha
Makhleb

Shops:
D:4 (


Innate Abilities, Weirdness & Mutations

You do not eat or drink.
Your flesh is vulnerable to fire.
You are immune to poison.
Your flesh is cold resistant. (rC+)
You are immune to negative energy. (rN+++)
You are immune to unholy pain and torment.
You can survive without breathing.


Message History

You barely miss the iguana. The iguana bites you!
You are too injured to fight recklessly!
You are too injured to fight recklessly!
You block the iguana's attack.
You are too injured to fight recklessly!
You are too injured to fight recklessly!
You barely miss the iguana. You barely miss the iguana. The iguana bites you!
* * * LOW HITPOINT WARNING * * *
The iguana closely misses you.
You see here a frilled lizard corpse.
Things that are here:
a hound corpse; a worker ant corpse; a dart slug corpse
Things that are here:
a +0 hand axe; a +0 chain mail
Okay, then.
The iguana bites you!
* * * LOW HITPOINT WARNING * * *
You closely miss the iguana. The iguana bites you!
You die...

#.. #.# ##.##
##.
#.######.#.####
#....###...#
#.###.#.##.#
#.# ##.## # #.#
#.# #.# #.# #.#
#.. #@# #.# #l#
#.#
#)####.###.#
#.††.......#
####.#.#####
#..♣.P..#
###.♣≈≈≈♣##
#..P≈P≈≈≈P#
#...≈≈?.≈##


You could see an iguana.

Vanquished Creatures
  A crimson imp (D:3)
  A hound (D:4)
  2 worker ants (D:4)
  A hound skeleton (D:4)
  4 adders
  2 worms (D:3)
  4 dart slugs
  2 leopard geckos (D:2)
  An orc (D:4)
  3 giant cockroaches
  7 goblins
  10 hobgoblins
  4 jackals (D:3)
  6 kobolds (D:1)
  3 ball pythons
  11 bats
  7 frilled lizards
  A giant cockroach zombie (D:4)
  9 rats
79 creatures vanquished.

Notes
Turn   | Place    | Note
-------+----------+-------------------------------------------
     0 | D:1      | Felnil the Mummy Fighter began the quest for the Orb.
     0 | D:1      | Reached XP level 1. HP: 18/18 MP: 1/1
   149 | D:1      | Reached XP level 2. HP: 20/24 MP: 2/2
   484 | D:1      | Reached XP level 3. HP: 29/29 MP: 3/3
  1361 | D:2      | Reached XP level 4. HP: 26/35 MP: 4/4
  2099 | D:3      | Found an ancient bone altar of Kikubaaqudgha.
  2330 | D:3      | Found a burning altar of Makhleb.
  2380 | D:3      | Reached XP level 5. HP: 38/42 MP: 5/5
  2644 | D:4      | Found Ylihed's Weapon Emporium.
  2688 | D:4      | Reached skill level 4 in Fighting
  2850 | D:4      | Mangled by an iguana

Skill      XL: |  1  2  3  4  5 |
---------------+----------------+-----
Long Blades    | 2 |  2.9
Shields        | 3 |  3.4
Armour         | 3 |  3.4
Fighting       | 4 |  4.1

Action                   |  1- 3 |  4- 6 || total
-------------------------+-------+-------++-------
Melee: Long sword        |   151 |   119 ||   270
  Use: Scroll            |       |     9 ||     9
Armor: Scale mail        |    79 |    52 ||   131
Dodge: Dodged            |    61 |    50 ||   111
Block: Shield            |    90 |    62 ||   152
       Rpst.: Long sword |    15 |    18 ||    33
